AoeStats
← Anva

Black Forest

510358268Analyzed
2v2 RM · 17h ago on Sep 30, 2026· 23m 35s· 4 players
Game mode
Random Map
Map size
Medium (4 player)
Population
200
Speed
Normal
Resources
Standard
Victory
Conquest
Starting age
Dark Age
Ending age
Imperial Age
RankedLock teamsTeams togetherTeam positionsShared explorationLock speedFull tech treeHidden civsTurbo modeCheats
Victory
Defeat
🇫🇷 Hindustanis · France
965
+16
🇫🇷 Varangians · France
951
+17
🇦🇷 Khitans · Argentina
990
-18
🇦🇷 Gurjaras · Argentina
940
-15
Jéhache M.D.
11:39 Feudal Age
16:21 Castle Age
14:10 Double-Bit Axe
16:15 Horse Collar
19:48 Bow Saw
21:04 Forging
23:15 Scale Mail Armor
Anva
11:17 Feudal Age
9:45 Loom
15:00 Castle Age
13:57 Double-Bit Axe
17:07 Horse Collar
Gil laburante
0:34 Loom
12:16 Feudal Age
12:49 Double-Bit Axe
15:30 Domestication
20:17 Castle Age
21:46 Wheelbarrow
22:35 Man-at-Arms
23:00 Gambesons
FATIGA
0:31 Loom
12:04 Feudal Age
12:44 Double-Bit Axe
12:49 Horse Collar
15:34 Wheelbarrow
19:54 Castle Age
18:19 Stone Mining
18:48 Gold Mining
23:02 Scale Barding Armor
23:08 Forging
Connection lost

Rejoining the realm…

Still unreachable

The connection could not be restored.

Session expired

The server has moved on; the page needs a fresh start.